AoeStats
← Javan

MegaRandom

509267944Analyzed
2v2 RM · 6d ago on Sep 26, 2026· 24m 30s· 4 players
Game mode
Random Map
Map size
Medium (4 player)
Population
200
Speed
Normal
Resources
Standard
Victory
Conquest
Starting age
Dark Age
Ending age
Imperial Age
RankedLock teamsTeams togetherTeam positionsShared explorationLock speedFull tech treeHidden civsTurbo modeCheats
Victory
Defeat
🇺🇸 Teutons · United States
844
+41
🇦🇷 Spanish · Argentina
780
+20
🇨🇳 Armenians · China
875
-19
🇨🇳 Georgians · China
846
-18
Javan
13:28 Feudal Age
14:49 Town Watch
16:19 Gold Mining
18:10 Double-Bit Axe
21:28 Wheelbarrow
21:02 Horse Collar
Oscar
6:12 Loom
10:26 Feudal Age
11:36 Double-Bit Axe
25:36 Castle Age
Tamerlane
0:33 Loom
13:34 Feudal Age
17:15 Castle Age
15:11 Double-Bit Axe
15:45 Horse Collar
17:27 Fletching
17:56 Crossbowman
19:33 Bodkin Arrow
20:41 Padded Archer Armor
24:04 Ballistics
Market Blockers
0:35 Loom
13:11 Feudal Age
18:15 Castle Age
16:21 Fletching
17:01 Horse Collar
18:12 Padded Archer Armor
18:54 Bodkin Arrow
20:28 Double-Bit Axe
Connection lost

Rejoining the realm…

Still unreachable

The connection could not be restored.

Session expired

The server has moved on; the page needs a fresh start.